 Dungeon Crawl Stone Soup version 0.30-a0-870-gc5d4c5acee (webtiles) character file.

Game seed: 41915580797962072

1160 cforsyth the Trooper (level 8, -4/67 HPs)
             Began as a Barachi Fighter on Mar 12, 2023.
             Shot with an arrow by a centaur (6 damage)
             ... on level 5 of the Dungeon.
             The game lasted 00:05:36 (3748 turns).

cforsyth the Trooper (Barachi Fighter)              Turns: 3748, Time: 00:05:36

Health: -4/67      AC: 10    Str: 20    XL:     8   Next: 39%
Magic:  17/17      EV:  9    Int:  9    God:
Gold:   291        SH:  5    Dex: 11    Spells: 7/7 levels left

rFire   . . .      SeeInvis .    a - +0 war axe
rCold   . . .      Faith    .    c - +0 buckler
rNeg    . . .      Spirit   .    b - +0 scale mail
rPois   .          Reflect  .    (no helmet)
rElec   .          Rampage  .    (no cloak)
rCorr   .                        v - +1 pair of gloves {Stlth+}
Will    .....                    (no boots)
Stlth   +                        i - amulet of regeneration
HPRegen 1.11/turn                r - ring of magical power
MPRegen 0.15/turn                (no ring)

@: slow
A: amphibious, slowness 1, strong legs 1, +LOS
a: Hop


You were on level 5 of the Dungeon.
You visited 1 branch of the dungeon, and saw 5 of its levels.

You collected 291 gold pieces.

Inventory:

Hand Weapons
 a - a +0 war axe (weapon)
Armour
 b - a +0 scale mail (worn)
 c - a +0 buckler (worn)
 v - a +1 pair of gloves of stealth (worn)
Jewellery
 f - an amulet of the acrobat
 i - an amulet of regeneration (around neck)
 p - an amulet of reflection
 r - a ring of magical power (left hand)
 x - an amulet of faith
Wands
 s - a wand of flame (13)
 z - a wand of paralysis (8)
 A - a wand of mindburst (4)
Scrolls
 h - 5 scrolls of identify {unknown}
 j - a scroll of fog {unknown}
 n - a scroll of butterflies {unknown}
 q - a scroll of fear {unknown}
 u - 2 scrolls of amnesia {unknown}
 y - a scroll of teleportation {unknown}
Potions
 d - 3 potions of might
 e - 2 potions of brilliance
 g - 3 potions of curing
 k - 2 potions of lignification
 l - 3 potions of cancellation
 m - a potion of heal wounds
 o - a potion of degeneration {unknown}
 t - a potion of flight {unknown}
 w - a potion of magic {unknown}
 B - a potion of haste {unknown}


   Skills:
 + Level 7.4 Fighting
 - Level 3.5 Axes
 + Level 7.4 Armour
 + Level 6.7 Shields


You had 7 spell levels left.
You didn't know any spells.
Your spell library was empty.

Dungeon Overview and Level Annotations

Branches:
Dungeon (5/15)
 Temple: D:4-7

Altars:
Kikubaaqudgha

Shops:
D:4 (


Innate Abilities, Weirdness & Mutations

You are amphibious.
You cover ground slowly.
You can hop short distances.
You have an extended range of vision and can be seen from far away.


Message History

You hit the quokka.
You kill the quokka!
You slash the dart slug!
You kill the dart slug!
No target in view!
No target in view!
No target in view!
No target in view!
No target in view!
No target in view!
No target in view!
An ogre and a centaur come into view.
The ogre shouts!
The centaur shouts!
The centaur wields a +0 shortbow.
The centaur shoots an arrow.
The arrow hits you.
There is an open door here.
Things that are here:
a scorpion corpse; an adder corpse
There are monsters nearby!
The centaur shoots an arrow.
The arrow closely misses you.
The ogre hits you with a +0 giant spiked club!!
The centaur shoots an arrow.
The arrow hits you.
There is an open door, spattered with blood here.
Things that are here:
a scorpion corpse; an adder corpse You barely miss the ogre.
The centaur shoots an arrow.
The arrow hits you!
The ogre hits you with a +0 giant spiked club!!
* * * LOW HITPOINT WARNING * * *
The centaur shoots an arrow.
The arrow hits you.
* * * LOW HITPOINT WARNING * * *
You are too injured to fight recklessly!
You are too injured to fight recklessly!
You are too injured to fight recklessly!
You are too injured to fight recklessly!
You are too injured to fight recklessly!
You are too injured to fight recklessly!
You are too injured to fight recklessly!
The ogre attacks as you move away! The ogre barely misses you.
The centaur shoots an arrow.
The arrow hits you.
You die...

##..... #.#### #.#
####+# #)#
.....####.####
#.$.$.##.......
.c.....#.......
########.$...$.#.......
+.....@†O......#.......
####
####'####..$..##.......
...#
##....##...##........
...#
##......##.###.######.
...# #........# #
#.######) ...#
#........# #.#....).
...#### #........#
#.#...).. ......#
#........#####.#...)..
......#
##......##............


You could see an ogre and a centaur.

Vanquished Creatures
  Sigmund (D:5)
  A phantom (D:4)
  3 scorpions
  3 orc priests (D:5)
  A jelly (D:4)
  A gnoll bouda (D:4)
  5 hounds
  2 iguanas
  4 orc wizards (D:5)
  A sleepcap (D:4)
  3 gnolls (D:4)
  11 adders
  2 shadow imps (D:5)
  3 white imps
  An ufetubus (D:5)
  2 worms
  3 dart slugs
  7 orcs
  4 ball pythons
  7 bats
  7 endoplasms
  4 giant cockroaches
  8 goblins
  10 hobgoblins
  A jackal (D:5)
  6 kobolds
  5 quokkas
  5 frilled lizards
  3 rats
114 creatures vanquished.

Notes
Turn   | Place    | Note
-------+----------+-------------------------------------------
     0 | D:1      | cforsyth the Barachi Fighter began the quest for the Orb.
     0 | D:1      | Reached XP level 1. HP: 18/18 MP: 1/1
   199 | D:1      | Reached XP level 2. HP: 24/25 MP: 2/2
   762 | D:2      | Reached XP level 3. HP: 30/30 MP: 3/3
  1429 | D:2      | Reached XP level 4. HP: 37/37 MP: 4/4
  1684 | D:3      | Found an ancient bone altar of Kikubaaqudgha.
  2160 | D:4      | Found Kobuedih's Antique Weapon Boutique.
  2160 | D:4      | Noticed a phantom
  2179 | D:4      | Killed a phantom
  2180 | D:4      | Reached XP level 5. HP: 38/43 MP: 5/5
  2237 | D:4      | Reached skill level 5 in Fighting
  2237 | D:4      | Reached skill level 5 in Armour
  2302 | D:4      | Reached XP level 6. HP: 51/51 MP: 6/6
  2611 | D:4      | Reached skill level 5 in Shields
  2682 | D:4      | Reached XP level 7. HP: 25/57 MP: 7/7
  3050 | D:5      | Entered Level 5 of the Dungeon
  3358 | D:5      | Noticed Sigmund
  3415 | D:5      | Killed Sigmund
  3416 | D:5      | Reached XP level 8. HP: 49/65 MP: 8/8
  3747 | D:5      | HP: 1/67 [centaur/arrow (3)]
  3748 | D:5      | Shot with an arrow by a centaur

Illustrated notes

Levels and vault maps discovered:
D:1:      pf_arrival_petrified_forest, layout_loops_ring, minmay_cupped
D:2:      cheibrodos_greedy_goblins, layout_basic
D:3:      layout_basic, kiku_gazebo_garden_becter
D:4:      layout_basic, serial_shops, shop, minmay_bent
D:5:      minmay_polygon_palace, layout_basic, serial_glass, glass_columns_c,
          glass_columns_b, feat_on_display, item_on_display_a, uniq_sigmund

Skill      XL: |  1  2  3  4  5  6  7  8 |
---------------+-------------------------+-----
Fighting       | 4 5 6 7 |  7.4
Armour         | 4 5 6 7 |  7.4
Axes           | 3 |  3.5
Shields        | 4 5 6 |  6.7

Action                     |  1- 3 |  4- 6 |  7- 9 || total
---------------------------+-------+-------+-------++-------
  Melee: War axe           |   112 |   165 |   168 ||   445
    Use: Potion            |       |       |     5 ||     5
 Armour: Scale mail        |    63 |    91 |    90 ||   244
         Skin              |       |       |    12 ||    12
  Dodge: Dodged            |    52 |   105 |    63 ||   220
  Block: Buckler           |    31 |    39 |    41 ||   111

Table legend: (Time is in decaauts)
 A = Elapsed time spent in this place.
 B = Non-inter-level travel time spent in this place.
 C = Inter-level travel time spent in this place.
 D = Time resting spent in this place.
 E = Time spent auto-exploring this place.
 F = Levels seen in this place.
 G = Mean time per level.
                   A        B        C        D        E       F      G
               +--------+--------+--------+--------+--------+-----+--------+
         Total |   4468 |   4355 |    113 |    140 |   3153 |   5 |  893.6 |
       Dungeon |   4468 |   4355 |    113 |    140 |   3153 |   5 |  893.6 |
               +--------+--------+--------+--------+--------+-----+--------+

Top non-repeatable levels by time:
     D:4: 1215 daAuts
     D:2: 997 daAuts
     D:1: 879 daAuts
     D:5: 696 daAuts
     D:3: 679 daAuts
